 Dungeon Crawl Stone Soup version 0.22-a0-580-gd5db89c (webtiles) character file.

4425 vineage the Cleaver (level 10, -3/82 HPs)
             Began as a Formicid Fighter on July 3, 2018.
             Was a Believer of the Shining One.
             Slain by a two-headed ogre
             ... wielding a +0 giant spiked club
              (4 damage)
             ... on level 8 of the Dungeon.
             The game lasted 00:09:39 (6645 turns).

vineage the Cleaver (Formicid Fighter)              Turns: 6645, Time: 00:09:40

Health: -3/82      AC: 16    Str: 23    XL:     10   Next: 62%
Magic:  10/10      EV:  4    Int: 11    God:    the Shining One [**....]
Gold:   362        SH: 11    Dex: 16    Spells: 9/9 levels left

rFire    + . .     SeeInvis +   a - +1 war axe
rCold    + . .     Gourm    +   c - +1 shield
rNeg     + . .     Faith    .   j - +5 plate armour of Erooshrao {rPois Int+4 Dex+4}
rPois    +         Spirit   .   (helmet unavailable)
rElec    .         Reflect  .   h - scarf {rC+ rF+}
rCorr    .         Harm     .   (no gloves)
MR       +....                  (no boots)
Stlth    ..........             g - amulet of the gourmand
HPRegen  0.23/turn              (no ring)
MPRegen  0.12/turn              (no ring)

@: glowing
A: permanent stasis, dig shafts and tunnels, four strong arms, antennae 3
a: Dig, Shaft Self, Divine Shield, Renounce Religion


You were on level 8 of the Dungeon.
You worshipped the Shining One.
The Shining One was pleased with you.
You were hungry.

You visited 1 branch of the dungeon, and saw 8 of its levels.

You collected 362 gold pieces.

Inventory:

Hand Weapons
 a - a +1 war axe (weapon)
 d - a +1 whip of freezing
Armour
 c - a +1 shield (worn)
 h - a scarf of resistance (worn)
 j - the +5 plate armour of Erooshrao (worn) {rPois Int+4 Dex+4}
   (You found it on level 4 of the Dungeon)

   It affects your intelligence (+4).
   It affects your dexterity (+4).
   It protects you from poison.
Jewellery
 g - an amulet of the gourmand (around neck)
 q - an uncursed amulet of faith
Wands
 b - a wand of polymorph (7)
 n - a wand of enslavement (13)
Scrolls
 e - 3 scrolls of identify
 i - a scroll of fog
 l - 2 scrolls of remove curse
 m - 2 scrolls of enchant armour
 o - a scroll of brand weapon {unknown}
 r - a scroll of random uselessness
 t - a scroll of amnesia
Potions
 k - 2 potions of curing
 p - a potion of haste
 s - a potion of might
Comestibles
 f - 7 rations


   Skills:
 + Level 8.9 Fighting
 + Level 12.5 Axes
 - Level 3.2 Armour
 - Level 3.6 Shields


You had 9 spell levels left.
You didn't know any spells.
Your spell library contained the following spells:

 Spells                   Type           Power        Failure   Level  Hunger
 Magic Dart               Conj           #...         100%        1    ##.....
 Conjure Flame            Conj/Fire      #.......     100%        3    ####...
 Slow                     Hex            #.......     100%        2    ###....
 Mephitic Cloud           Conj/Pois/Air  #.......     100%        3    ####...
 Blink                    Tloc           N/A          100%        2    ###....
 Call Imp                 Summ           #.......     100%        2    ###....


Dungeon Overview and Level Annotations

Branches:
Dungeon (8/15)             Temple (0/1) D:5
   Lair: D:8-11

Altars:
Ashenzari
Dithmenos
Nemelex Xobeh
The Shining One

Shops:
D:4 *


Innate Abilities, Weirdness & Mutations

You cannot be hasted, slowed, berserked, paralysed or teleported.
You can dig through walls and to a lower floor.
Your four strong arms can wield two-handed weapons with a shield.
You have a pair of large antennae on your head. (SInv)


Message History

The two-headed ogre barely misses you.
The two-headed ogre hits you but does no damage.
You slash the two-headed ogre!
The two-headed ogre is moderately wounded.
You hit the hippogriff. The hippogriff barely misses you.
You block the hippogriff's attack. The hippogriff claws you.
You hit the two-headed ogre.
The two-headed ogre is heavily wounded.
You slash the hippogriff!
The two-headed ogre hits you with a giant spiked club!!
The two-headed ogre hits you with a giant club!
The hippogriff bites you but does no damage.
You block the hippogriff's attack.
The hippogriff claws you but does no damage.
You extend your mandibles.
You dig through the rock wall.
The two-headed ogre hits you with a giant spiked club!!
* * * LOW HITPOINT WARNING * * *
The two-headed ogre hits you with a giant club.
You die...

...###..##..# ..
.........##.# #.#
#..##....##.####
..#
#...###........##.#
##..# ##.###.#.#..#
... #.# #.....# #.#
###>..## ...
#..H.####..
........#@O.....#
.#..#...###..##.##
..#...#. .....
#..... .......
#.#..# .......
#.##. ......#
......# .......


You could see a two-headed ogre and a hippogriff.

Vanquished Creatures
  Pikel (D:4)
  2 hippogriffs
  2 hungry ghosts (D:7)
  Menkaure (D:7)
  2 water moccasins (D:4)
  3 orc warriors
  An ice beast (D:7)
  An eye of draining (D:3)
  A hornet zombie (D:5)
  A necrophage (D:6)
  A black bear (D:6)
  2 phantoms
  An ogre (D:6)
  2 centaurs
  2 big kobolds
  2 bullfrogs
  A scorpion (D:4)
  A water moccasin skeleton (D:6)
  6 killer bees (D:7)
  3 wights (D:8)
  A howler monkey (D:6)
  A bullfrog zombie (D:8)
  2 crimson imps
  A jelly (D:5)
  2 quasits
  2 hounds
  A centaur zombie (D:8)
  4 orc priests
  3 bullfrog skeletons
  5 orc wizards
  An iguana (D:5)
  Natasha (thrice) (D:2)
  4 worker ants
  A hound zombie (D:7)
  A hound skeleton (D:8)
  A howler monkey zombie (D:6)
  6 adders
  8 gnolls
  2 oozes
  3 adder skeletons
  2 worms (D:2)
  A dart slug (D:2)
  3 leopard geckos
  17 orcs
  2 ball pythons (D:2)
  7 giant cockroaches
  6 hobgoblins
  8 jackals
  A quokka (D:5)
  A ball python skeleton (D:4)
  3 bats
  3 frilled lizards
  10 goblins
  13 kobolds
  2 quokka skeletons
  9 rats
176 creatures vanquished.

Vanquished Creatures (others)
  A quokka (D:4)
1 creature vanquished.

Grand Total: 177 creatures vanquished

Notes
Turn   | Place    | Note
-------+----------+-------------------------------------------
     0 | D:1      | vineage the Formicid Fighter began the quest for the Orb.
     0 | D:1      | Reached XP level 1. HP: 18/18 MP: 1/1
   179 | D:1      | Reached XP level 2. HP: 25/25 MP: 2/2
   455 | D:1      | Reached XP level 3. HP: 30/30 MP: 3/3
   869 | D:2      | Noticed Natasha
   880 | D:2      | Killed Natasha
   880 | D:2      | Reached skill level 3 in Axes
   880 | D:2      | Reached XP level 4. HP: 36/37 MP: 4/4
  1489 | D:2      | Noticed Natasha
  1498 | D:2      | Killed Natasha
  1498 | D:2      | Reached skill level 4 in Axes
  1498 | D:2      | Reached XP level 5. HP: 25/43 MP: 5/5
  1565 | D:2      | Noticed Natasha
  1571 | D:2      | Killed Natasha
  1750 | D:3      | Noticed an eye of draining
  1754 | D:3      | Noticed a hippogriff
  1759 | D:3      | Killed an eye of draining
  1759 | D:3      | Reached skill level 5 in Axes
  1759 | D:3      | Reached XP level 6. HP: 50/50 MP: 0/6
  1770 | D:3      | Killed a hippogriff
  1770 | D:3      | Reached skill level 5 in Fighting
  1770 | D:3      | Reached skill level 6 in Axes
  1770 | D:3      | Reached XP level 7. HP: 10/56 MP: 1/7
  2714 | D:4      | Noticed Pikel
  2741 | D:4      | Killed Pikel
  2741 | D:4      | Reached skill level 8 in Axes
  2741 | D:4      | Reached XP level 8. HP: 53/64 MP: 8/8
  3000 | D:4      | Found a glowing golden altar of the Shining One.
  3032 | D:4      | Found a shattered altar of Ashenzari.
  3091 | D:4      | Became a worshipper of the Shining One
  3179 | D:4      | Got a brightly glowing plate armour
  3212 | D:4      | Found Oroatuef's Serpentskin Sales.
  3216 | D:4      | Reached skill level 9 in Axes
  3524 | D:4      | Reached XP level 9. HP: 70/70 MP: 9/9
  4129 | D:5      | Entered Level 5 of the Dungeon
  4434 | D:5      | Identified the +5 plate armour of Erooshrao {rPois Int+4 Dex+4} (You found it on level 4 of the Dungeon)
  4495 | D:5      | Found a staircase to the Ecumenical Temple.
  4797 | D:6      | Reached skill level 10 in Axes
  4945 | D:6      | Found a shadowy altar of Dithmenos.
  5578 | D:7      | Noticed Menkaure
  5578 | D:7      | Reached * piety under the Shining One
  5588 | D:7      | Killed Menkaure
  5588 | D:7      | Reached skill level 11 in Axes
  5851 | D:7      | Reached XP level 10. HP: 57/80 MP: 10/10
  6160 | D:7      | Found a sparkling altar of Nemelex Xobeh.
  6212 | D:7      | Reached skill level 12 in Axes
  6477 | D:8      | Reached ** piety under the Shining One
  6635 | D:8      | Noticed a two-headed ogre
  6645 | D:8      | HP: 1/82 [two-headed ogre/giant spiked club (31)]
  6645 | D:8      | Slain by a two-headed ogre

Vault maps used:
D:1:      lemuel_arrival_behind_the_door_small, serial_forest,
          infiniplex_forest_end_double, infiniplex_forest_lined_4_way,
          infiniplex_forest_lined_2, infiniplex_forest_clump_tiny,
          infiniplex_forest_lined_corner, infiniplex_forest_clump_curved,
          infiniplex_forest_zigzag_2, minmay_misc_feat_iff
D:2:      uniq_natasha
D:3:      guppyfry_early_lair_pool
D:4:      cheibrodos_ashenzari_chains, marbit_many_paths,
          chequers_ossuary_entry_cave, first_ration, guppyfry_shop_venom,
          uniq_pikel
D:5:      minmay_temple_entry_poolview
D:6:      overflow_temple_1_default, serial_bayou_pond_c
D:7:      lemuel_round_altar, uniq_menkaure
D:8:      minitemple, overflow_temple_1_default, minmay_misc_feat_cross

Skill      XL: |  1  2  3  4  5  6  7  8  9 10 |
---------------+-------------------------------+-----
Fighting       | 4 5 6 7 8 |  8.9
Axes           | 3 4 5 6 8 9 11 12 | 12.5
Armour         | |  3.2
Shields        | |  3.6

Action                   |  1- 3 |  4- 6 |  7- 9 | 10-12 || total
-------------------------+-------+-------+-------+-------++-------
Melee: War axe           |    82 |    98 |   296 |   171 ||   647
 Abil: Dig               |       |       |       |     2 ||     2
  Use: Scroll            |       |     7 |     7 |     2 ||    16
       Potion            |       |     3 |     4 |       ||     7
  Eat: Chunk             |       |     2 |     7 |       ||     9
       Ration            |       |       |     2 |     3 ||     5
Armor: Scale mail        |    44 |    40 |    27 |       ||   111
       Skin              |       |       |     6 |       ||     6
       Plate armour      |       |       |   114 |   102 ||   216
Dodge: Dodged            |    27 |    21 |    41 |    31 ||   120
Block: Shield            |    41 |    54 |   132 |   112 ||   339

Table legend:
 A = Spawn XP
 B = Non-spawn XP
 C = Spawn XP percentage of total XP
 D = Spawn monster count
 E = Non-spawn monster count
 F = Spawn count percentage of total count
 G = Total turns spent on level
                    A         B        C        D         E        F      G
               +---------+---------+-------+---------+---------+-------+---------
         Total |       0 |    6322 |   0.0 |       0 |     176 |   0.0 |  6645
               +---------+---------+-------+---------+---------+-------+---------
           D:1 |       0 |      41 |   0.0 |       0 |      23 |   0.0 |   853
           D:2 |       0 |     167 |   0.0 |       0 |      25 |   0.0 |   777
           D:3 |       0 |     417 |   0.0 |       0 |      14 |   0.0 |   718
           D:4 |       0 |    1354 |   0.0 |       0 |      17 |   0.0 |  1781
           D:5 |       0 |     405 |   0.0 |       0 |      13 |   0.0 |   593
           D:6 |       0 |     794 |   0.0 |       0 |      15 |   0.0 |   807
           D:7 |       0 |    2080 |   0.0 |       0 |      40 |   0.0 |   934
           D:8 |       0 |    1064 |   0.0 |       0 |      29 |   0.0 |   182
               +---------+---------+-------+---------+---------+-------+---------
